 Dungeon Crawl Stone Soup version 0.25-a0-1133-g93ebf739aa (webtiles) character file.

Game seed: 9282327567183841370, levelgen mode: deterministic

823 Maedhros the Insei (level 7, -3/45 HPs)
             Began as an Octopode Artificer on May 22, 2020.
             Slain by a gnoll
             ... wielding a +0 spear
              (12 damage)
             ... in a bailey.
             The game lasted 00:07:48 (885 turns).

Maedhros the Insei (Octopode Artificer)              Turns: 885, Time: 00:07:57

Health: -3/45      AC:  1    Str: 11    XL:     7   Next: 96%
Magic:  9/9        EV: 14    Int: 14    God:
Gold:   96         SH:  0    Dex: 14    Spells: 6/6 levels left

rFire    . . .     SeeInvis .   l - +0 rapier
rCold    . . .     Gourm    .   (no shield)
rNeg     . . .     Faith    .   (helmet restricted)
rPois    .         Spirit   .   (no amulet)
rElec    .         Reflect  .   (no ring)
rCorr    .         Harm     .   (no ring)
MR       .....                  (no ring)
Stlth    ++++......             (no ring)
HPRegen  0.15/turn              (no ring)
MPRegen  0.11/turn              (no ring)
                                (no ring)
                                (no ring)

@: no status effects
A: almost no armour, stealthy swim, amphibious, 8 rings, constrict 8, camouflage
1, gelatinous body 1
a: no special abilities


You were in a bailey.
You were not hungry.

You visited 1 branch of the dungeon, and saw 8 of its levels.
You also visited: Bailey.

You collected 96 gold pieces.

Inventory:

Hand Weapons
 l - a +0 rapier (weapon)
Missiles
 d - 3 throwing nets
 e - 6 poisoned darts (quivered)
Wands
 a - a wand of iceblast (2)
 b - a wand of flame (11)
Scrolls
 g - 2 scrolls of teleportation {unknown}
 h - a scroll of immolation {unknown}
 j - 4 scrolls of remove curse {unknown}
 k - a scroll of enchant weapon {unknown}
 n - a scroll of fear {unknown}
 o - a scroll of identify {unknown}
Comestibles
 f - 5 rations


   Skills:
 + Level 2.3 Fighting
 - Level 1.0 Short Blades
 + Level 3.0 Dodging
 - Level 4.0 Stealth
 + Level 7.3 Unarmed Combat
 - Level 3.2 Evocations


You had 6 spell levels left.
You didn't know any spells.
Your spell library was empty.

Dungeon Overview and Level Annotations

Branches:
Dungeon (9/15)             Bailey (1/1)
 Temple: D:4-7         Lair: D:8-11         Orc: D:9-12

Altars:
Dithmenos
Nemelex Xobeh
Zin

Shops:
D:9 =}(


Innate Abilities, Weirdness & Mutations

You cannot wear most types of armour.
You are very stealthy in the water. (Stealth+)
You are amphibious.
You can wear up to eight rings at the same time.
You can use your tentacles to constrict eight enemies at once.
Your skin changes colour to match your surroundings (Stealth+).
Your rubbery body absorbs attacks. (AC +1, EV +1)


Message History

Your gnoll sergeant barely misses something.
You hit the gnoll.
The gnoll is heavily wounded.
You constrict the gnoll.
Something hits your gnoll sergeant but does no damage.
The gnoll barely misses you.
You hit the gnoll.
The gnoll is severely wounded.
You feel yourself slow down.
You constrict the gnoll, but do no damage.
Your gnoll sergeant hits something from afar with a +0 glaive!
Something hits your gnoll sergeant but does no damage.
The gnoll closely misses you.
You hit the gnoll but do no damage.
The gnoll is severely wounded.
You constrict the gnoll.
Something hits your gnoll sergeant but does no damage.
Your gnoll sergeant hits something from afar with a +0 glaive!
The gnoll hits you with a +0 spear!
You die...

♣♣...............
♣♣≈≈≈≈≈≈≈...≈≈≈≈≈≈
♣≈≈...............
♣≈................
♣≈.######'''######
♣≈ #(.(# #...#
#...# ##@## #..g#
#..g..# #.).....#
#..)8$..#
#..))...#
##..g..## ##...##


You could see 2 gnolls and a friendly gnoll sergeant (charmed).

Vanquished Creatures
  A troll (D:9)
  A porcupine (D:9)
  A necrophage (D:8)
  An orc warrior (D:9)
  A gnoll sergeant (Bailey)
  A hound (Bailey)
  An orc wizard (D:9)
  A gnoll shaman (Bailey)
  A hound skeleton (D:8)
  6 gnolls
  A worm (D:3)
  A leopard gecko (D:3)
  7 orcs
  A giant cockroach (D:7)
  A goblin (D:3)
  2 hobgoblins (D:3)
  3 bats
  A frilled lizard (D:1)
  5 kobolds
  4 rats
41 creatures vanquished.

Vanquished Creatures (collateral kills)
  An orc warrior (D:9)
  2 orcs (D:9)
  A giant cockroach (D:2)
  A goblin (D:2)
  2 kobolds
  A rat (D:2)
8 creatures vanquished.

Vanquished Creatures (others)
  A wyvern (D:9)
  A hound (Bailey)
  An orc wizard (D:9)
  2 fungi (D:9)
5 creatures vanquished.

Grand Total: 54 creatures vanquished

Notes
Turn   | Place    | Note
-------+----------+-------------------------------------------
     0 | D:1      | Maedhros the Octopode Artificer began the quest for the
                  | Orb.
     0 | D:1      | Reached XP level 1. HP: 13/13 MP: 3/3
   103 | D:1      | Reached XP level 2. HP: 5/18 MP: 4/4
   154 | D:2      | Found a sparkling altar of Nemelex Xobeh.
   233 | D:2      | Found a shadowy altar of Dithmenos.
   233 | D:2      | Found a glowing silver altar of Zin.
   321 | D:3      | Reached XP level 3. HP: 17/23 MP: 5/5
   386 | D:3      | Reached skill level 1 in Unarmed Combat
   390 | D:3      | You fall into a shaft and drop 2 floors!
   390 | D:5      | Entered Level 5 of the Dungeon
   489 | D:7      | Noticed a big kobold
   501 | D:7      | Noticed a scorpion
   648 | D:8      | Noticed a necrophage
   650 | D:8      | Noticed a centaur
   652 | D:8      | Reached skill level 2 in Unarmed Combat
   661 | D:8      | Killed a necrophage
   661 | D:8      | Reached skill level 3 in Unarmed Combat
   661 | D:8      | Reached XP level 4. HP: 10/28 MP: 6/6
   661 | D:8      | Reached XP level 5. HP: 12/33 MP: 7/7
   668 | D:8      | You fall into a shaft and drop 1 floor!
   670 | D:9      | Noticed an orc warrior
   671 | D:9      | Noticed a wyvern
   671 | D:9      | Noticed a porcupine
   672 | D:9      | Reached skill level 4 in Unarmed Combat
   672 | D:9      | Noticed a yak
   674 | D:9      | Killed a porcupine
   674 | D:9      | Reached skill level 5 in Unarmed Combat
   674 | D:9      | Reached XP level 6. HP: 15/38 MP: 8/8
   674 | D:9      | Killed an orc warrior
   698 | D:9      | Found Equomil's Antique Weapon Emporium.
   703 | D:9      | Noticed a necrophage
   706 | D:9      | Found Qumom's Gadget Boutique.
   713 | D:9      | Found Lorasel's Jewellery Shop.
   739 | D:9      | Noticed a troll
   749 | D:9      | Killed a troll
   749 | D:9      | Reached skill level 7 in Unarmed Combat
   749 | D:9      | Reached XP level 7. HP: 16/43 MP: 9/9
   814 | D:9      | Found a flagged portal.
   820 | Bailey   | Entered a bailey
   885 | Bailey   | Slain by a gnoll

Illustrated notes

Levels and vault maps discovered:
D:1:      evilmike_arrival_plus, layout_loops_ring
D:2:      minmay_spotlight, layout_loops_cross,
          nemelex_xobeh_ov_fountains_minmay, gammafunk_temple_overflow_wave
D:3:      layout_loops_ring, cheibriados_altar_1, okawaru_ov_weapons_minmay
D:5:      layout_loops_ring, uniq_edmund, uniq_eustachio, uniq_ijyb
D:6:      layout_cave_pods, minmay_temple_entry_mini_moons, st_stairs_10,
          lemuel_altar_in_water
D:7:      cheibrodos_fertilizer, layout_basic, basic_altar
D:8:      layout_basic
D:9:      layout_basic, nicolae_tso_carved_into_rock,
          grunt_lair_entry_orc_guard_hut, enter_bailey_2, serial_shops, shop,
          nicolae_shop_temple_entry_statues_fountains, shop, shop, shop
Bailey:   bailey_polearm_gnolls_kennysheep, bailey

Skill      XL: |  1  2  3  4  5  6  7 |
---------------+----------------------+-----
Stealth        | 3 4 |  4.0
Unarmed Combat | 3 5 7 |  7.3
Fighting       | 2 |  2.3
Dodging        | 3 |  3.0
Short Blades   | |  1.0
Evocations     | |  3.2

Action                   |  1- 3 |  4- 6 |  7- 9 || total
-------------------------+-------+-------+-------++-------
Melee: Short sword       |    22 |       |       ||    22
       Tentacles         |    11 |     1 |     1 ||    13
       Constrict         |    10 |       |     5 ||    15
       Rapier            |    28 |     2 |    21 ||    51
       Punch             |     2 |       |       ||     2
Evoke: Wand              |     6 |     9 |    22 ||    37
  Use: Potion            |       |     1 |     2 ||     3
 Stab: Sleeping          |    11 |       |       ||    11
       Paralysed         |       |     2 |     5 ||     7
Armor: Skin              |     4 |       |       ||     4
Dodge: Dodged            |    32 |       |    20 ||    52

Table legend:
 A = Non-vault XP
 B = Vault XP
 C = Vault XP percentage of total XP
 D = Non-vault monster count
 E = Vault monster count
 F = Vault count percentage of total count
                 A         B        C        D         E       F
            +---------+---------+-------+---------+---------+-------
      Total |     809 |     367 |  31.2 |      37 |      13 |  26.0
            +---------+---------+-------+---------+---------+-------
        D:1 |      19 |       0 |   0.0 |       6 |       0 |   0.0
        D:2 |       6 |       0 |   0.0 |       6 |       0 |   0.0
        D:3 |      18 |       0 |   0.0 |       8 |       0 |   0.0
        D:5 |       9 |       0 |   0.0 |       3 |       0 |   0.0
        D:7 |       2 |       5 |  71.4 |       1 |       4 |  80.0
        D:8 |     151 |       0 |   0.0 |       2 |       0 |   0.0
        D:9 |     604 |     136 |  18.4 |      11 |       1 |   8.3
     Bailey |       0 |     226 | 100.0 |       0 |       8 | 100.0
            +---------+---------+-------+---------+---------+-------
